 Dungeon Crawl Stone Soup version 0.21.1-1-g345015f (webtiles) character file.

129 tognito the Chopper (level 4, -1/39 HPs)
             Began as a Minotaur Berserker on Apr 21, 2018.
             Was a Priest of Trog.
             Slain by an ogre
             ... wielding a +0 giant club
              (11 damage)
             ... on level 4 of the Dungeon.
             The game lasted 00:04:18 (2330 turns).

tognito the Chopper (Minotaur Berserker)            Turns: 2330, Time: 00:04:18

Health: -1/39      AC:  8    Str: 21    XL:     4   Next: 88%
Magic:  3/3        EV:  8    Int:  4    God:    Trog [***...]
Gold:   102        SH:  0    Dex: 11    Spells: 3/3 levels left

rFire    . . .     SeeInvis .   a - +0 hand axe
rCold    . . .     Gourm    .   (no shield)
rNeg     . . .     Faith    .   k - +0 chain mail
rPois    .         Spirit   .   (helmet restricted)
rElec    .         Reflect  .   (no cloak)
rCorr    .         Harm     .   (no gloves)
MR       .....     Rnd*Tele +   (no boots)
Stlth    ..........             (no amulet)
HPRegen  0.13/turn              (no ring)
MPRegen  0.08/turn              (no ring)

@: no status effects
A: retaliatory headbutt, horns 2, talons 1, agile 1, teleportitis 1, weak 1
a: Berserk, Trog's Hand, Burn Spellbooks, Renounce Religion


You were on level 4 of the Dungeon.
You worshipped Trog.
Trog was most pleased with you.
You were hungry.

You visited 1 branch of the dungeon, and saw 4 of its levels.

You collected 102 gold pieces.

Inventory:

Hand Weapons
 a - a +0 hand axe (weapon)
Missiles
 b - 14 arrows
 g - 26 bolts
Armour
 k - a +0 chain mail (worn)
Scrolls
 d - a scroll of blinking {unknown}
 e - a scroll of noise {unknown}
 f - 2 scrolls of enchant weapon {unknown}
 h - 4 scrolls of identify {unknown}
 j - 2 scrolls of teleportation {unknown}
 m - a scroll of enchant armour {unknown}
 n - a scroll of magic mapping {unknown}
Potions
 l - 7 potions of curing
 o - a potion of cancellation
Comestibles
 c - 6 rations
 i - a chunk of flesh


   Skills:
 - Level 3.6 Fighting
 + Level 6.8 Axes
 - Level 2.4 Armour
 - Level 2.1 Dodging


You had 3 spell levels left.
You didn't know any spells.

Dungeon Overview and Level Annotations

Branches:
Dungeon (4/15)
 Temple: D:4-7

Altars:
Dithmenos
Gozag
Hepliaklqana
Qazlal
Uskayaw
Wu Jian
Xom
The Shining One


Innate Abilities, Weirdness & Mutations

You reflexively headbutt those who attack you in melee.
You have a pair of horns on your head.
You have sharp toenails.
You are agile. (Dex +2)
You are occasionally teleported next to monsters.
You are weak. (Str -2)


Message History

Your kick misses the iguana. Your headbutt misses the iguana.
The iguana is heavily wounded.
You hit the ogre. The iguana barely misses you. The ogre closely misses you.
You hit the ogre but do no damage. Your kick misses the ogre.
The ogre is lightly wounded.
You hit the iguana. The iguana barely misses you.
The ogre hits you with a giant club.
You barely miss the ogre. You claw the ogre. You headbutt the ogre.
The ogre is lightly wounded.
You hit the iguana but do no damage. The iguana barely misses you.
You barely miss the ogre. Your kick misses the ogre.
The ogre is lightly wounded.
You hit the iguana but do no damage. The iguana bites you!
The ogre hits you with a giant club!
You slash the ogre! You claw the ogre! Your headbutt misses the ogre.
The ogre is heavily wounded.
You hit the iguana. The iguana bites you.
* * * LOW HITPOINT WARNING * * *
The ogre hits you with a giant club!
You die...

#.. #.. #.# ##.# ##.
#..# #... #..## ##...
##### ###...#####...#
......##........#...#
......l@.#####....#
######O..# ###..#
#..## ##.## #..# #..#
##..# #..## #..##
#...# #..# #..##
#..#### ###รท#
#.....## ###...#


You could see an ogre and an iguana.

Vanquished Creatures
  4 adders
  3 worms
  3 dart slugs
  3 leopard geckos
  5 orcs (D:3)
  A ball python (D:2)
  4 giant cockroaches
  4 goblins
  10 hobgoblins
  3 jackals (D:2)
  4 kobolds
  3 quokkas (D:2)
  7 bats
  5 frilled lizards
  9 rats
68 creatures vanquished.

Notes
Turn   | Place    | Note
-------+----------+-------------------------------------------
     0 | D:1      | tognito the Minotaur Berserker began the quest for the Orb.
     0 | D:1      | Reached XP level 1. HP: 19/19 MP: 0/0
    97 | D:1      | Reached skill level 4 in Axes
   204 | D:1      | Reached XP level 2. HP: 26/26 MP: 1/1
   930 | D:2      | Reached skill level 5 in Axes
   964 | D:2      | Reached XP level 3. HP: 31/31 MP: 2/2
   972 | D:2      | Reached ** piety under Trog
  1299 | D:2      | Reached skill level 6 in Axes
  1299 | D:2      | Reached XP level 4. HP: 39/39 MP: 3/3
  1471 | D:2      | Found an ornate altar of the Wu Jian Council.
  1471 | D:2      | Found a hide-covered altar of Uskayaw.
  1797 | D:3      | Found a stormy altar of Qazlal.
  1891 | D:3      | Found a glowing golden altar of the Shining One.
  1919 | D:3      | Gained mutation: You are weak. (Str -2) [potion of mutation]
  1919 | D:3      | Gained mutation: You are occasionally teleported next to monsters. [potion of mutation]
  1919 | D:3      | Gained mutation: You have sharp toenails. [potion of mutation]
  1919 | D:3      | Gained mutation: You are agile. (Dex +2) [potion of mutation]
  2002 | D:3      | Found an opulent altar of Gozag.
  2051 | D:3      | Found a shadowy altar of Dithmenos.
  2293 | D:4      | Found a hazy altar of Hepliaklqana.
  2294 | D:4      | Found a shimmering altar of Xom.
  2294 | D:4      | Noticed a yak
  2295 | D:4      | Noticed a yak
  2295 | D:4      | Noticed a spectral ugly thing
  2303 | D:4      | Reached *** piety under Trog
  2321 | D:4      | Noticed an ogre
  2330 | D:4      | Slain by an ogre

Skill      XL: |  1  2  3 |
---------------+----------+-----
Axes           | 4 5 6 |  6.8
Fighting       | |  3.6
Armour         | |  2.4
Dodging        | |  2.1

Action                   |  1- 3 |  4- 6 || total
-------------------------+-------+-------++-------
Melee: Hand axe          |    87 |    58 ||   145
       Headbutt          |     9 |    14 ||    23
       Kick              |       |     7 ||     7
  Use: Potion            |     3 |     3 ||     6
 Stab: Sleeping          |     1 |       ||     1
  Eat: Chunk             |     1 |     3 ||     4
Armor: Chain mail        |    41 |    26 ||    67
       Animal skin       |     2 |       ||     2
Dodge: Dodged            |    38 |    31 ||    69
